 Dungeon Crawl Stone Soup version 0.30-a0-779-g7971cf19c3 (webtiles) character file.

Game seed: 616380981732224255

528 Goldberg the Chopper (level 7, -3/53 HPs)
             Began as a Human Fighter on Feb 17, 2023.
             Was an Initiate of Ashenzari.
             Slain by a killer bee (4 damage)
             ... on level 5 of the Dungeon.
             The game lasted 00:15:19 (3716 turns).

Goldberg the Chopper (Human Fighter)                Turns: 3716, Time: 00:15:19

Health: -3/53      AC: 13    Str: 17    XL:     7   Next: 48%
Magic:  7/7        EV: 10    Int:  8    God:    Ashenzari [......]
Gold:   332        SH:  5    Dex: 18    Spells: 6/6 levels left

rFire   . . .      SeeInvis .    a - +0 war axe
rCold   . . .      Faith    .    c - +0 buckler
rNeg    . . .      Spirit   .    b - +2 scale mail
rPois   .          Reflect  .    (no helmet)
rElec   .          Harm     .    (no cloak)
rCorr   +          Rampage  .    f - +2 pair of gloves
Will    .....                    (no boots) Stlth
                                 (no amulet)
HPRegen 0.28/turn                k - ring of resist corrosion
MPRegen 0.10/turn                o - +6 ring of dexterity

@: lethally poisoned (-3 -> -9)
A: shaggy fur 1, weak 1
a: Renounce Religion, Curse Item


You were on level 5 of the Dungeon.
You worshipped Ashenzari.
Ashenzari was noncommittal.
You visited 1 branch of the dungeon, and saw 5 of its levels.

You collected 332 gold pieces.

Inventory:

Hand Weapons
 a - a +0 war axe (weapon)
Armour
 b - a +2 scale mail (worn)
 c - a +0 buckler (worn)
 f - a +2 pair of gloves (worn)
 s - a +0 ring mail
Jewellery
 g - a ring of wizardry
 k - a ring of resist corrosion (left hand)
 o - a +6 ring of dexterity (right hand)
 q - a ring of magical power
 x - a ring of ice
Wands
 n - a wand of charming (11)
 w - a wand of flame (5)
Scrolls
 j - a scroll of fear
 l - 4 scrolls of teleportation
 t - a scroll of amnesia
Potions
 d - 2 potions of might
 i - a potion of magic {unknown}
 p - 2 potions of attraction
 r - a potion of flight {unknown}
 u - 3 potions of brilliance


   Skills:
 + Level 3.9 Fighting
 + Level 5.5 Axes
 + Level 4.5 Armour
 + Level 1.7 Dodging
 + Level 0.2 Stealth
 + Level 3.6 Shields


You had 6 spell levels left.
You didn't know any spells.
Your spell library contained the following spells:

 Spells                   Type           Power      Damage    Failure   Level
 Foxfire                  Conj/Fire      0%         2x1d4     88%         1
 Sting                    Tmut/Pois      0%         1d3       88%         1
 Ensorcelled Hibernation  Hex/Ice        0%         N/A       95%         2
 Poisonous Vapours        Pois/Air       0%         N/A       95%         2
 Spider Form              Tmut/Pois      0%         N/A       99%         3
 Anguish                  Hex/Necr       0%         N/A       100%        4
 Olgreb's Toxic Radiance  Pois           0%         N/A       100%        4
 Fireball                 Conj/Fire      0%         3d3       100%        5
 Starburst                Conj/Fire      0%         6d3       100%        6


Dungeon Overview and Level Annotations

Branches:
Dungeon (5/15)
 Temple: D:4-7

Altars:
Ashenzari
Elyvilon
Makhleb
Wu Jian
Zin


Innate Abilities, Weirdness & Mutations

You are covered in fur. (AC +1)
You are weak. (Str -2)


Message History

The killer bee barely misses you. You block the killer bee's attack.
The killer bee misses you. The killer bee barely misses you.
The killer bee stings you.
* * * LOW HITPOINT WARNING * * *
You are more poisoned.
The killer bee poisons you! The killer bee barely misses you.
The killer bee closely misses you. The killer bee stings you.
* * * LOW HITPOINT WARNING * * *
The killer bee stings you.
* * * LOW HITPOINT WARNING * * *
The killer bee stings you.
* * * LOW HITPOINT WARNING * * *
The killer bee stings you but does no damage. x2
You feel better. You block the killer bee's attack. The killer bee stings you!
* * * LOW HITPOINT WARNING * * *
The killer bee barely misses you.
The killer bee stings you but does no damage. x2
You block the killer bee's attack. The killer bee barely misses you.
You block the killer bee's attack.
You closely miss the killer bee.
The killer bee is severely wounded.
You closely miss the killer bee. x3; The killer bee closely misses you.
The killer bee stings you.
* * * LOW HITPOINT WARNING * * *
You are lethally poisoned!
The killer bee poisons you!
The killer bee stings you but does no damage.
The killer bee closely misses you. The killer bee stings you.
* * * LOW HITPOINT WARNING * * *
The killer bee stings you but does no damage. x3
You miss the killer bee.
The killer bee is severely wounded.
You hit the killer bee. You closely miss the killer bee.
You hit the killer bee but do no damage.
* * * LOW HITPOINT WARNING * * *
You feel very sick.
The killer bee stings you but does no damage.
The killer bee closely misses you. The killer bee barely misses you.
The killer bee stings you.
You die...

,,,,,,,,,,,,,,.<#..#
**,,,,,,,,,,,,#..!.#####*
,*,,,,,,,,,*###.....#...#
,,,,,,,##,,*#...........#
,,,,,,,#..###.......#...#
,,,,,,,,...#.........#.###
,,,,,,**,#.#....S........##
,,,,,,***#.....yyy........#
,,,,,,,* #.....y@.........#
,***,,** #................# **
*,*####................# ,*
*,,....................##
,***,,....##...............#
,,***,..,,*##..............#
,,,,,,,,,** ##....##.......####
*,,,,,,*,****##..###..........#
**,,,,**,**,*#....##..........##


You could see 4 killer bees and an adder.

Vanquished Creatures
  A water moccasin (D:5)
  2 jellies
  3 hounds
  An iguana (D:3)
  Ijyb (D:3)
  An orc wizard (D:5)
  3 gnolls (D:2)
  5 adders
  A worm (D:4)
  2 dart slugs (D:3)
  8 orcs
  5 endoplasms
  5 giant cockroaches
  10 hobgoblins
  8 jackals
  11 kobolds
  3 quokkas
  4 ball pythons
  6 bats
  2 frilled lizards (D:1)
  12 goblins
  13 rats
107 creatures vanquished.

Vanquished Creatures (others)
  3 fungi (D:2)
  A plant (D:2)
4 creatures vanquished.

Grand Total: 111 creatures vanquished

Notes
Turn   | Place    | Note
-------+----------+-------------------------------------------
     0 | D:1      | Goldberg the Human Fighter began the quest for the Orb.
     0 | D:1      | Reached XP level 1. HP: 18/18 MP: 1/1
    76 | D:1      | Reached XP level 2. HP: 21/24 MP: 2/2
   200 | D:1      | Reached XP level 3. HP: 29/29 MP: 3/3
   765 | D:2      | Found a faded altar of an unknown god.
   777 | D:2      | Prayed at the altar of an unknown god.
   777 | D:2      | Became a worshipper of Elyvilon the Healer
   777 | D:2      | Reached * piety under Elyvilon
   828 | D:2      | Reached XP level 4. HP: 35/35 MP: 4/4
   899 | D:2      | Reached skill level 3 in Axes
  1121 | D:2      | Reached XP level 5. HP: 41/41 MP: 5/5
  1503 | D:2      | Reached ** piety under Elyvilon
  1717 | D:3      | Found a broken altar of Ashenzari.
  1723 | D:3      | Fell from the grace of Elyvilon
  1723 | D:3      | Became a worshipper of Ashenzari the Shackled
  1847 | D:3      | Found a burning altar of Makhleb.
  2113 | D:3      | Reached skill level 4 in Axes
  2243 | D:3      | Noticed Ijyb
  2262 | D:3      | Killed Ijyb
  2263 | D:3      | Reached XP level 6. HP: 44/47 MP: 6/6
  2268 | D:3      | Gained mutation: Your muscles are strong. (Str +4, Int/Dex
                  | -1) [potion of mutation]
  2268 | D:3      | Gained mutation: You are agile. (Dex +4, Str/Int -1)
                  | [potion of mutation]
  2361 | D:3      | Reached skill level 1 in Dodging
  2742 | D:4      | Found an ornate altar of the Wu Jian Council.
  2742 | D:4      | Found a glowing silver altar of Zin.
  2869 | D:4      | Lost mutation: You are agile. (Dex +4, Str/Int -1) [potion
                  | of mutation]
  2869 | D:4      | Lost mutation: Your muscles are strong. (Str +4, Int/Dex
                  | -1) [potion of mutation]
  2869 | D:4      | Gained mutation: You are weak. (Str -2) [potion of
                  | mutation]
  2869 | D:4      | Gained mutation: You are covered in fur. (AC +1) [potion of
                  | mutation]
  3354 | D:5      | Entered Level 5 of the Dungeon
  3438 | D:5      | Noticed a water moccasin
  3455 | D:5      | Killed a water moccasin
  3456 | D:5      | Reached skill level 5 in Axes
  3456 | D:5      | Reached XP level 7. HP: 7/53 MP: 7/7
  3716 | D:5      | HP: 1/53 [poisoned by a killer bee]
  3716 | D:5      | Slain by a killer bee

Illustrated notes

Levels and vault maps discovered:
D:1:      saegor_arrival_simple_a, layout_basic, minmay_tiny_reverse_x
D:2:      minmay_razor_zed, layout_loops_ring, shapermc_ecumenical_altar_gd,
          nicolae_concentric_dashed_squares_wild, minmay_misc_feat_ornament,
          minmay_indecisive_spiral
D:3:      layout_loops_ring, lightli_temple_of_fire,
          mainiacjoe_overflow_alcove_1, minmay_unequal, uniq_ijyb
D:4:      layout_basic, gammafunk_temple_overflow_elements, due_unseen_surprise
D:5:      layout_cave_pools, grunt_temple_overflow_growth_and_decay

Skill      XL: |  1  2  3  4  5  6 |
---------------+-------------------+-----
Axes           | 3 4 5 |  5.5
Armour         | 4 |  4.5
Dodging        | 1 |  1.7
Fighting       | |  3.9
Stealth        | |  0.2
Shields        | |  3.6

Action                     |  1- 3 |  4- 6 |  7- 9 || total
---------------------------+-------+-------+-------++-------
  Melee: War axe           |    88 |   198 |    16 ||   302
  Evoke: Wand              |       |     1 |       ||     1
    Use: Potion            |       |     9 |     2 ||    11
         Scroll            |       |     1 |     6 ||     7
 Armour: Scale mail        |    52 |   124 |    25 ||   201
  Dodge: Dodged            |    37 |    86 |    32 ||   155
  Block: Buckler           |    21 |    75 |    11 ||   107

Table legend: (Time is in decaauts)
 A = Elapsed time spent in this place.
 B = Non-inter-level travel time spent in this place.
 C = Inter-level travel time spent in this place.
 D = Time resting spent in this place.
 E = Time spent auto-exploring this place.
 F = Levels seen in this place.
 G = Mean time per level.
                   A        B        C        D        E       F      G
               +--------+--------+--------+--------+--------+-----+--------+
         Total |   3840 |   3753 |     87 |    288 |   2471 |   5 |  768.0 |
       Dungeon |   3840 |   3753 |     87 |    288 |   2471 |   5 |  768.0 |
               +--------+--------+--------+--------+--------+-----+--------+

Top non-repeatable levels by time:
     D:2: 1080 daAuts
     D:3: 910 daAuts
     D:4: 798 daAuts
     D:1: 676 daAuts
     D:5: 374 daAuts
